 Dungeon Crawl Stone Soup version 0.30-a0-414-gcb316572d5 (webtiles) character file.

Game seed: 3237764994200382660

98 NinjaNoafa the Chopper (level 4, -4/39 HPs)
             Began as a Hill Orc Monk on Dec 7, 2022.
             Slain by a gnoll
             ... wielding a +0 flail
              (10 damage)
             ... on level 3 of the Dungeon.
             The game lasted 00:02:43 (2592 turns).

NinjaNoafa the Chopper (Hill Orc Monk)              Turns: 2592, Time: 00:02:44

Health: -4/39      AC:  6    Str: 15    XL:     4   Next: 69%
Magic:  4/4        EV: 11    Int: 10    God:
Gold:   74         SH:  0    Dex: 13    Spells: 3/3 levels left

rFire   . . .      SeeInvis .    a - +0 hand axe
rCold   . . .      Faith    .    (no shield)
rNeg    . . .      Spirit   .    e - +0 ring mail
rPois   .          Reflect  .    (no helmet)
rElec   .          Harm     .    (no cloak)
rCorr   .          Rampage  .    n - +0 pair of gloves
Will    .....                    (no boots)
Stlth   +.........               k - amulet of magic regeneration
HPRegen 0.26/turn                (no ring)
MPRegen 0.49/turn                (no ring)

@: no status effects
A: no striking features
a: no special abilities


You were on level 3 of the Dungeon.
You visited 1 branch of the dungeon, and saw 3 of its levels.

You collected 74 gold pieces.

Inventory:

Hand Weapons
 a - a +0 hand axe (weapon)
Missiles
 b - 23 stones
 i - 2 poisoned darts
 m - 3 boomerangs (quivered)
 p - 5 javelins
Armour
 e - a +0 ring mail (worn)
 n - a +0 pair of gloves (worn)
Jewellery
 k - an amulet of magic regeneration (around neck)
Scrolls
 d - 4 scrolls of identify {unknown}
 f - a scroll of blinking {unknown}
 g - a scroll of brand weapon {unknown}
 h - a scroll of poison {unknown}
 o - a scroll of noise {unknown}
 q - a scroll of fear {unknown}
Potions
 c - a potion of ambrosia
 j - a potion of heal wounds {unknown}
 l - 2 potions of curing {unknown}


   Skills:
 - Level 3.6 Fighting
 + Level 7.0 Axes
 - Level 2.4 Dodging
 - Level 1.5 Stealth


You had 3 spell levels left.
You didn't know any spells.
Your spell library contained the following spells:

 Spells                   Type           Power      Damage    Failure   Level
 Magic Dart               Conj           0%         1d3       58%         1
 Necrotise                Necr           0%         1d4       58%         1
 Call Imp                 Summ           0%         N/A       75%         2
 Mephitic Cloud           Conj/Pois/Air  0%         N/A       92%         3
 Vampiric Draining        Necr           0%         2d6       92%         3
 Agony                    Necr           0%         N/A       100%        5


Dungeon Overview and Level Annotations

Branches:
Dungeon (3/15)

Altars:


Message History

The gnoll closely misses you. The gnoll misses you.
You closely miss the gnoll.
The gnoll is severely wounded.
The gnoll hits you but does no damage.
The gnoll hits you from afar with a +0 spear.
The gnoll hits you with a +2 spear of freezing.
The gnoll freezes you. The gnoll hits you with a +0 spear!
The gnoll barely misses you.
You hit the gnoll.
The gnoll is almost dead.
You barely miss the gnoll. You hit the gnoll.
The gnoll hits you with a +0 spear. The gnoll misses you.
The gnoll closely misses you.
You barely miss the gnoll.
The gnoll is almost dead.
You hit the gnoll. You hit the gnoll but do no damage.
The gnoll hits you but does no damage. The gnoll hits you with a +0 spear.
The gnoll misses you.
You closely miss the gnoll. You punch the gnoll, but do no damage.
The gnoll is almost dead.
You hit the gnoll. You hit the gnoll but do no damage.
The gnoll hits you with a +2 spear of freezing.
The gnoll freezes you. The gnoll misses you. The gnoll barely misses you.
You barely miss the gnoll.
The gnoll is almost dead.
You closely miss the gnoll. You hit the gnoll but do no damage.
The gnoll closely misses you.
The gnoll hits you from afar with a +0 spear.
The gnoll misses you.
You hit the gnoll but do no damage.
The gnoll is almost dead.
The gnoll hits you from afar with a +2 spear of freezing.
The gnoll freezes you.
* * * LOW HITPOINT WARNING * * *
The gnoll misses you. The gnoll hits you with a +0 flail!
* * * LOW HITPOINT WARNING * * *
The gnoll attacks as you move away! The gnoll closely misses you.
The gnoll attacks as you move away! The gnoll barely misses you.
The gnoll attacks as you move away! The gnoll hits you with a +0 flail!
You die...

#.# ###########.#
##........##.# .............#
######### .......##.##.#
#.......# ...........#.#
#.#####># .......#...#.###÷#
#.# .......#.........# #.#
.#.#.##.#..#.###@# #.#
.#...#.###.#.# #g#####.#
......## ##..#
#.......######### .###.##
##.######g...÷........ .#
#..## ##.........#..#########
.# #.#.###.#.#.##g..#...#####
.###.##.#..#.#.#.g#####.....#
.......§§#.#........#...###.#
).^........###.####.#.#####.#


You could see a gnoll.

Vanquished Creatures
  5 adders
  2 dart slugs
  4 ball pythons
  5 endoplasms
  5 giant cockroaches
  3 hobgoblins
  4 jackals (D:3)
  A quokka (D:3)
  5 bats
  A frilled lizard (D:2)
  5 goblins
  4 kobolds
  4 rats
48 creatures vanquished.

Notes
Turn   | Place    | Note
-------+----------+-------------------------------------------
     0 | D:1      | NinjaNoafa the Hill Orc Monk began the quest for the Orb.
     0 | D:1      | Reached XP level 1. HP: 19/19 MP: 1/1
     6 | D:1      | Noticed a hound
     6 | D:1      | Noticed a rime drake
     6 | D:1      | Noticed a black mamba
     7 | D:1      | Noticed a killer bee
     7 | D:1      | Noticed a snapping turtle
   565 | D:1      | Reached XP level 2. HP: 25/26 MP: 2/2
   873 | D:1      | Reached skill level 5 in Axes
  1179 | D:2      | Reached XP level 3. HP: 28/31 MP: 3/3
  1715 | D:2      | Reached skill level 6 in Axes
  1962 | D:2      | Reached XP level 4. HP: 39/39 MP: 4/4
  2304 | D:3      | Reached skill level 7 in Axes
  2592 | D:3      | Slain by a gnoll

Illustrated notes

Levels and vault maps discovered:
D:1:      onia_arrival_zoo_common, layout_basic, minmay_tree_intersection,
          dreamdust_mushroom_princess
D:2:      layout_loops_corners
D:3:      layout_loops_ring

Skill      XL: |  1  2  3  4 |
---------------+-------------+-----
Axes           | 5 6 7 |  7.0
Fighting       | |  3.6
Dodging        | |  2.4
Stealth        | |  1.5

Action                   |  1- 3 |  4- 6 || total
-------------------------+-------+-------++-------
Melee: Hand axe          |   131 |    77 ||   208
       Punch             |     2 |     1 ||     3
Throw: Boomerang         |     7 |       ||     7
Armor: Ring mail         |    62 |    22 ||    84
       Robe              |     5 |       ||     5
Dodge: Dodged            |    66 |    72 ||   138

Table legend: (Time is in decaauts)
 A = Elapsed time spent in this place.
 B = Non-inter-level travel time spent in this place.
 C = Inter-level travel time spent in this place.
 D = Time resting spent in this place.
 E = Time spent auto-exploring this place.
 F = Levels seen in this place.
 G = Mean time per level.
                   A        B        C        D        E       F      G
               +--------+--------+--------+--------+--------+-----+--------+
         Total |   2596 |   2515 |     81 |      0 |   1979 |   3 |  865.3 |
       Dungeon |   2596 |   2515 |     81 |      0 |   1979 |   3 |  865.3 |
               +--------+--------+--------+--------+--------+-----+--------+

Top non-repeatable levels by time:
     D:2: 1130 daAuts
     D:1: 928 daAuts
     D:3: 536 daAuts
